cohdb
Replays
Latest Replays
All Replays
Popular Replays
Top Player Replays
Match Explorer
How It Works
Community
CoH3 Stats
Reddit
Sign in to upload your games and track your stats! →
Sign in with Steam
Match 28462154
Unlisted
Match 28462154
Overview
Messages
Build Orders
End
Vickers Machine Gun Team
Construct Section Command Post
Infantry Section
ML 3-inch Mortar Team
Infantry Section
Construct Platoon Command Post
Humber Armored Car
Construct Field Infirmary
Humber Armored Car
Selects Heavy Armor Battlegroup
Selects Rigorous Vehicle Training
OMJimas
ashilrye
Kannamix
Madfox
0
0
Comments
sign in to comment!
No comments posted yet!